 Dungeon Sprint DCSS version 0.26-a0-661-g406de6ba63 (webtiles) character file.

Game seed: 13314625418198546514

47328 mhtbhm the Archmage (level 13, -3/71 (72) HPs)
             Began as a Deep Elf Earth Elementalist on Oct 8, 2020.
             Was the Champion of Vehumet.
             Slain by a snapping turtle (26 damage)
             ... in the Dungeon (Sprint III: "The Ten Rune Challenge").
             The game lasted 00:20:31 (5443 turns).

mhtbhm the Archmage (Deep Elf Earth Elementalist)   Turns: 5443, Time: 00:20:32

HP:   -3/71 (72)    AC:  8    Str:  5    XL:     13   Next: 41%
MP:   8/46          EV: 17    Int: 29    God:    Vehumet [******]
Gold: 414           SH:  0    Dex: 17    Spells: 19/66 levels left

rFire    . . .     SeeInvis .   (no weapon)
rCold    + . .     Faith    .   (no shield)
rNeg     + + +     Spirit   .   c - +0 robe
rPois    +         Reflect  .   t - +1 helmet {Int+3}
rElec    .         Harm     .   s - +1 cloak {rPois}
rCorr    .         Rampage  .   (no gloves)
MR       ++...     NoTele   +   i - +0 pair of boots "Achass" {rF- rC+ rN+++ Dex+2}
Stlth    ++++......             (no amulet)
HPRegen  0.21/turn              u - ring of protection from fire
MPRegen  0.30/turn              (no ring)

@: no status effects
A: talons 1, rugged brown scales 1, magic resistance 1, robust 1
}: 1/10 runes: serpentine
a: Renounce Religion


You were in the Dungeon.
You worshipped Vehumet.
Vehumet was exalted by your worship.
You visited 1 branch You collected 1974 gold pieces.
You spent 1560 gold pieces at shops.

Inventory:

Missiles
 b - 82 stones (quivered)
Armour
 c - a +0 robe (worn)
 i - the +0 pair of boots "Achass" (worn) {rF- rC+ rN+++ Dex+2}
   (You bought it in a shop in the Dungeon)

   It affects your dexterity (+2).
   It makes you vulnerable to fire.
   It protects you from cold.
   It renders you almost immune to negative energy.
 s - a +1 cloak of poison resistance (worn)
 t - a +1 helmet of intelligence (worn)
Jewellery
 u - a ring of protection from fire (left hand)
Wands
 o - a wand of digging (4)
Scrolls
 a - 3 scrolls of remove curse {unknown}
 j - a scroll of immolation {unknown}
 k - 3 scrolls of identify {unknown}
 l - a scroll of holy word {unknown}
 q - 2 scrolls of amnesia {unknown}
 r - a scroll of enchant armour {unknown}
Potions
 d - 3 potions of curing
 e - 2 potions of heal wounds
 f - 2 potions of haste
 g - 2 potions of magic
 h - 2 potions of berserk rage
 m - 2 potions of stabbing {unknown}
 n - 3 potions of mutation
 p - 2 potions of might
 v - a potion of flight
Miscellaneous
 w - a condenser vane (2/2)


   Skills:
 - Level 1.0 Fighting
 + Level 0.2 Throwing
 + Level 7.5 Dodging
 + Level 7.8 Stealth
 + Level 0.4 Unarmed Combat
 O Level 27 Spellcasting
 + Level 8.3 Conjurations
 + Level 2.5 Transmutations
 + Level 24.6 Earth Magic
 + Level 1.4 Evocations


You had 19 spell levels left.
You knew the following spells:

 Your Spells              Type           Power        Failure   Level
a - Sandblast             Erth           ######       0%          1
b - Passwall              Tmut/Erth      #######.     0%          2
c - Stone Arrow           Conj/Erth      ######       0%          3
d - Lee's Rapid Deconstr  Erth           ########..   0%          5
e - Petrify               Tmut/Erth      #######.     1%          4
f - Sticky Flame          Conj/Fire      ######..     1%          4
g - Iron Shot             Conj/Erth      #######...   1%          6
h - Bolt of Magma         Conj/Fire/Erth #######...   1%          5
i - Lehudib's Crystal Sp  Conj/Erth      #######...   1%          8
j - Shatter               Erth           ########..   1%          9

Your spell library contained the following spells:

 Spells                   Type           Power        Failure   Level
 Chain Lightning          Conj/Air       ######....   86%         8
 Absolute Zero            Ice            #####.....   100%        9
 Animate Skeleton         Necr           #####.       1%          1
 Apportation              Tloc           #####.       1%          1
 Corona                   Hex            #####..      1%          1
 Summon Small Mammal      Summ           ####         1%          1
 Swiftness                Air            #####...     1%          2
 Confusing Touch          Hex            #####...     1%          3
 Gell's Gravitas          Tloc           #####.....   1%          3
 Yara's Violent Unravell  Hex/Tmut       #####.....   3%          5
 Passage of Golubria      Tloc           N/A          6%          4
 Metabolic Englaciation   Hex/Ice        #####.....   19%         5
 Invisibility             Hex            #####...     69%         6


Dungeon Overview and Level Annotations

Branches:
Dungeon (1/1)

Altars:
Cheibriados
Dithmenos
Elyvilon
Fedhas
Gozag
Hepliaklqana
Kikubaaqudgha
Makhleb
Nemelex Xobeh
Okawaru
Qazlal
Ru
Sif Muna
Trog
Uskayaw
Vehumet
Wu Jian
Xom
Yredelemnul
Zin
The Shining One
Beogh
Jiyva
Lugonu

Shops:
D (}?((:}=[**[!?(


Innate Abilities, Weirdness & Mutations

You have sharp toenails.
You are partially covered in rugged brown scales. (AC +1, +3% HP)
You are resistant to hostile enchantments. (MR+)
You are robust. (+10% HP)


Message History

The snapping turtle bites you but does no damage.
Casting: Lehudib's Crystal Spear (dangerous; 1% risk of failure)
Confirm with . or Enter, or press ? or * to list all spells.
Aiming: Lehudib's Crystal Spear (dangerous; 1% risk of failure)
Press: ? - help, Shift-Dir - straight line, f/p - alligator snapping turtle
Aim: an alligator snapping turtle (almost dead)
The crystal spear hits the alligator snapping turtle!!!
You kill the alligator snapping turtle!
Vehumet accepts your kill.
You feel your power returning.
The snapping turtle bites you from afar!
Unknown command.
Casting: Lehudib's Crystal Spear (dangerous; 1% risk of failure)
Confirm with . or Enter, or press ? or * to list all spells.
Aiming: Lehudib's Crystal Spear (dangerous; 1% risk of failure)
Press: ? - help, Shift-Dir - straight line, f - snapping turtle
Aim: a snapping turtle (water)
The crystal spear misses the snapping turtle.
The snapping turtle bites you from afar!!
You die...

#≈≈.≈≈≈≈.≈♣ ###'♣♣♣♣♣♣♣
##+####'#######♣
♣♣♣♣.##..##≈
........)......♣♣
♣...##.##.#≈
#+#############'♣
♣♣.##.##.##' #≈P...†......♣
♣..#.##...#
.+≈≈...########♣♣
♣♣.##.##).#
J.#≈≈≈...........♣
♣♣.##.#####
J.#≈≈≈≈.......÷..♣
♣.....##... #
###########@#############'##
▓..†.......P #...
▓t≈.......P≈ #...
▓≈≈≈.....P≈≈ ####
▓≈≈≈≈≈..≈≈≈≈ ##..
▓≈≈≈≈≈≈≈≈≈≈≈ #..÷
▓≈≈≈≈≈≈≈≈≈≈≈ #..#
▓≈≈≈≈≈≈≈≈≈≈≈ #...
▓≈≈≈≈≈≈≈≈≈≈≈ ##..


You could see a snapping turtle.

Vanquished Creatures
  Rupert (D)
  A kraken (D)
  Harold (D)
  A nagaraja (D)
  A deep elf demonologist (D)
  A deep elf death mage (D)
  2 hydras (D)
  Erolcha (D)
  A naga warrior (D)
  3 anacondas (D)
  2 alligator snapping turtles (D)
  4 death yaks (D)
  4 orc high priests (D)
  Urug (D)
  A deep elf knight (D)
  A death drake (D)
  6 deep elf magi (D)
  A lindwurm (D)
  Joseph (D)
  A guardian serpent (D)
  5 black mambas (D)
  2 cane toads (D)
  A rime drake (D)
  A komodo dragon (D)
  A yaktaur (D)
  3 wandering mushrooms (D)
  2 tyrant leeches (D)
  A queen bee (D)
  8 blink frogs (D)
  2 snapping turtles (D)
  A shadow (D)
  5 redbacks (D)
  A spatial vortex (D)
  2 nagas (D)
  2 water moccasins (D)
  2 orc warriors (D)
  A fire dragon simulacrum (D)
  A swamp drake (D)
  A necrophage (D)
  5 two-headed ogres (D)
  A water elemental (D)
  A scorpion (D)
  31 killer bees (D)
  A jelly (D)
  A wizard (D)
  4 orc wizards (D)
  4 orc priests (D)
  A necromancer (D)
  2 polar bear simulacra (D)
  A wolf simulacrum (D)
  3 humans (D)
  A kobold demonologist (D)
  5 adders (D)
  An ooze (D)
  7 orcs (D)
  A bat (D)
  3 rats (D)
  2 tentacles (D)
152 creatures vanquished.

Vanquished Creatures (others)
  A killer bee (D)
  An electric eel (D)
  2 fungi (D)
  18 plants (D)
  7 tentacles (D)
29 creatures vanquished.

Grand Total: 181 creatures vanquished

Notes
Turn   | Place    | Note
-------+----------+-------------------------------------------
     0 | D        | mhtbhm the Deep Elf Earth Elementalist began the quest for
                  | the Orb.
     0 | D        | Reached XP level 1. HP: 10/10 MP: 6/6
    86 | D        | Reached skill level 4 in Spellcasting
    86 | D        | Reached skill level 5 in Earth Magic
    86 | D        | Reached XP level 2. HP: 9/15 MP: 2/9
    90 | D        | Learned a level 2 spell: Passwall
   191 | D        | Noticed a scorpion
   199 | D        | Killed a scorpion
   199 | D        | Reached skill level 6 in Spellcasting
   199 | D        | Reached XP level 3. HP: 17/19 MP: 5/12
   199 | D        | Reached XP level 4. HP: 21/24 MP: 5/14
   250 | D        | Gained mutation: You expend magic power (3 MP) to
                  | strengthen your wands. [potion of mutation]
   250 | D        | Gained mutation: You are surrounded by a mild repulsion
                  | field. (EV +2) [potion of mutation]
   253 | D        | Lost mutation: You expend magic power (3 MP) to strengthen
                  | your wands. [potion of mutation]
   253 | D        | Lost mutation: You are surrounded by a mild repulsion
                  | field. (EV +2) [potion of mutation]
   253 | D        | Gained mutation: Scrolls take you a little longer to read.
                  | [potion of mutation]
   253 | D        | Gained mutation: You have sharp toenails. [potion of
                  | mutation]
   253 | D        | Gained mutation: Your spells are a little harder to cast,
                  | but a little more powerful. [potion of mutation]
   253 | D        | Gained mutation: You are partially covered in rugged brown
                  | scales. (AC +1, +3% HP) [potion of mutation]
   260 | D        | Lost mutation: Your spells are a little harder to cast, but
                  | a little more powerful. [potion of mutation]
   260 | D        | Lost mutation: Scrolls take you a little longer to read.
                  | [potion of mutation]
   260 | D        | Gained mutation: You are robust. (+10% HP) [potion of
                  | mutation]
   260 | D        | Gained mutation: You are resistant to hostile enchantments.
                  | (MR+) [potion of mutation]
   427 | D        | Learned a level 3 spell: Stone Arrow
   427 | D        | Noticed a water elemental
   432 | D        | Killed a water elemental
   432 | D        | Reached skill level 7 in Spellcasting
   432 | D        | Reached XP level 5. HP: 31/31 MP: 10/17
   482 | D        | Learned a level 5 spell: Lee's Rapid Deconstruction
   487 | D        | Learned a level 4 spell: Petrify
   496 | D        | Found a radiant altar of Vehumet.
   498 | D        | Reached skill level 8 in Spellcasting
   499 | D        | Reached skill level 5 in Stealth
   565 | D        | Found a shimmering blue altar of Sif Muna.
   566 | D        | Found an ancient bone altar of Kikubaaqudgha.
   576 | D        | Became a worshipper of Vehumet
   591 | D        | Found a basalt altar of Yredelemnul.
   591 | D        | Found a shadowy altar of Dithmenos.
   591 | D        | Found a sacrificial altar of Ru.
   591 | D        | Noticed a necrophage
   592 | D        | Killed a necrophage
   592 | D        | Reached skill level 5 in Dodging
   592 | D        | Reached skill level 9 in Spellcasting
   592 | D        | Reached skill level 10 in Earth Magic
   592 | D        | Reached XP level 6. HP: 37/37 MP: 12/20
   644 | D        | Found a glowing silver altar of Zin.
   644 | D        | Found a glowing golden altar of the Shining One.
   644 | D        | Found a white marble altar of Elyvilon.
   644 | D        | Noticed a deep elf mage
   647 | D        | Killed a deep elf mage
   647 | D        | Reached * piety under Vehumet
   647 | D        | Offered knowledge of Magic Dart by Vehumet.
   647 | D        | Reached skill level 12 in Spellcasting
   647 | D        | Reached XP level 7. HP: 41/41 MP: 5/25
   752 | D        | Found a hide-covered altar of Uskayaw.
   752 | D        | Found a roughly hewn altar of Beogh.
   752 | D        | Found an iron altar of Okawaru.
   752 | D        | Found a bloodstained altar of Trog.
   752 | D        | Found an ornate altar of the Wu Jian Council.
   752 | D        | Noticed a human
   752 | D        | Noticed a human
   755 | D        | Killed a human
   755 | D        | Reached skill level 13 in Spellcasting
   755 | D        | Killed a human
   755 | D        | Reached XP level 8. HP: 47/47 MP: 10/27
   841 | D        | Offered knowledge of Searing Ray by Vehumet.
   841 | D        | Reached ** piety under Vehumet
   841 | D        | Reached skill level 14 in Spellcasting
   917 | D        | Found a blossoming altar of Fedhas.
   917 | D        | Found a stormy altar of Qazlal.
   917 | D        | Found a snail-covered altar of Cheibriados.
   917 | D        | Found a burning altar of Makhleb.
   917 | D        | Found a shimmering altar of Xom.
   969 | D        | Found a hazy altar of Hepliaklqana.
   969 | D        | Found an opulent altar of Gozag.
   969 | D        | Found a sparkling altar of Nemelex Xobeh.
   969 | D        | Found a corrupted altar of Lugonu.
   969 | D        | Found a viscous altar of Jiyva.
   986 | D        | Reached *** piety under Vehumet
   986 | D        | Reached skill level 15 in Spellcasting
   992 | D        | Noticed a two-headed ogre
  1160 | D        | Killed a two-headed ogre
  1160 | D        | Offered knowledge of Conjure Flame by Vehumet.
  1217 | D        | Noticed Erolcha
  1219 | D        | Killed Erolcha
  1219 | D        | Reached skill level 17 in Spellcasting
  1219 | D        | Reached skill level 15 in Earth Magic
  1219 | D        | Reached XP level 9. HP: 51/51 MP: 22/32
  1219 | D        | Noticed a two-headed ogre
  1222 | D        | Killed a two-headed ogre
  1345 | D        | Reached **** piety under Vehumet
  1345 | D        | Offered knowledge of Fulminant Prism by Vehumet.
  1345 | D        | Reached skill level 18 in Spellcasting
  1415 | D        | Noticed a wandering mushroom
  1419 | D        | Noticed a wandering mushroom
  1424 | D        | Killed a wandering mushroom
  1425 | D        | Noticed a wandering mushroom
  1431 | D        | Killed a wandering mushroom
  1431 | D        | Reached skill level 1 in Conjurations
  1437 | D        | Killed a wandering mushroom
  1437 | D        | Reached ***** piety under Vehumet
  1437 | D        | Reached skill level 1 in Fighting
  1570 | D        | Found Okkuar's Antique Weapon Emporium.
  1571 | D        | Noticed an orc high priest
  1574 | D        | Offered knowledge of Olgreb's Toxic Radiance by Vehumet.
  1576 | D        | Killed an orc high priest
  1576 | D        | Reached skill level 19 in Spellcasting
  1576 | D        | Reached XP level 10. HP: 47/58 MP: 23/35
  1577 | D        | Noticed an orc high priest
  1577 | D        | Noticed an orc high priest
  1581 | D        | Reached ****** piety under Vehumet
  1583 | D        | Killed an orc high priest
  1584 | D        | Killed an orc high priest
  1584 | D        | Reached skill level 20 in Spellcasting
  1765 | D        | Noticed a deep elf knight
  1765 | D        | Noticed a deep elf mage
  1765 | D        | Noticed a deep elf mage
  1765 | D        | Noticed a deep elf mage
  1765 | D        | Noticed a deep elf mage
  1777 | D        | Killed a deep elf knight
  1777 | D        | Offered knowledge of Sticky Flame by Vehumet.
  1777 | D        | Killed a deep elf mage
  1779 | D        | Killed a deep elf mage
  1779 | D        | Reached skill level 21 in Spellcasting
  1783 | D        | Killed a deep elf mage
  1793 | D        | Killed a deep elf mage
  1793 | D        | Reached skill level 5 in Conjurations
  1793 | D        | Reached XP level 11. HP: 63/63 MP: 28/38
  1833 | D        | Noticed a deep elf death mage
  1841 | D        | Learned a level 4 spell: Sticky Flame
  1884 | D        | Noticed Harold
  1884 | D        | Noticed Joseph
  1890 | D        | Killed Harold
  1890 | D        | Reached skill level 22 in Spellcasting
  1891 | D        | Killed Joseph
  1891 | D        | Reached skill level 1 in Evocations
  1993 | D        | Offered knowledge of Iron Shot by Vehumet.
  2005 | D        | Noticed a six-headed hydra
  2007 | D        | Killed a six-headed hydra
  2022 | D        | Noticed a four-headed hydra
  2024 | D        | Killed a four-headed hydra
  2024 | D        | Reached skill level 23 in Spellcasting
  2231 | D        | Learned a level 6 spell: Iron Shot
  2374 | D        | Offered knowledge of Starburst by Vehumet.
  2638 | D        | Offered knowledge of Freezing Cloud by Vehumet.
  2834 | D        | Noticed an orange crystal statue
  2838 | D        | Found Quoralugg's Antique Armour Emporium.
  2838 | D        | Found Gaumynarph's General Store.
  2838 | D        | Found Ronlomuv's Weapon Shoppe.
  2838 | D        | Found Romish's Jewellery Boutique.
  2838 | D        | Found Kaabearr's General Store.
  2838 | D        | Found Istepnotz's Magic Scroll Shop.
  2838 | D        | Found Luing's Distillery.
  2838 | D        | Found Cucupt's Antique Armour Boutique.
  2839 | D        | Found Yloph's Gadget Shoppe.
  2839 | D        | Found Nyath's Book Shop.
  2839 | D        | Found Saxzan's Antique Weapon Emporium.
  2880 | D        | Bought a pair of ancient boots for 237 gold pieces
  2880 | D        | Bought a runed cloak for 187 gold pieces
  2880 | D        | Bought a runed helmet for 187 gold pieces
  2890 | D        | Identified the +0 pair of boots "Achass" {rF- rC+ rN+++
                  | Dex+2} (You bought it in a shop in the Dungeon)
  2899 | D        | Bought an uncursed ring of protection from fire for 350
                  | gold pieces
  2903 | D        | Bought a potion of flight for 33 gold pieces
  2903 | D        | Bought a potion of heal wounds for 55 gold pieces
  2903 | D        | Bought a potion of heal wounds for 55 gold pieces
  2903 | D        | Bought 2 potions of curing for 66 gold pieces
  2903 | D        | Bought a potion of haste for 110 gold pieces
  2993 | D        | Noticed a deep elf annihilator
  2994 | D        | Killed a deep elf death mage
  2996 | D        | Killed a deep elf annihilator
  2997 | D        | Identified the cursed +1 hand axe of Desketan {freeze,
                  | Dex+4}
  2997 | D        | Noticed a deep elf annihilator
  2998 | D        | Killed a ghostly deep elf death mage
  3133 | D        | Noticed a deep elf mage
  3135 | D        | Killed a deep elf mage
  3303 | D        | Noticed a deep elf demonologist
  3304 | D        | Killed a deep elf demonologist
  3304 | D        | Offered knowledge of Bolt of Magma by Vehumet.
  3304 | D        | Reached skill level 24 in Spellcasting
  3304 | D        | Reached XP level 12. HP: 67/67 MP: 40/42
  3312 | D        | Learned a level 5 spell: Bolt of Magma
  3312 | D        | Noticed a deep elf master archer
  3881 | D        | Offered knowledge of Iskenderun's Battlesphere by Vehumet.
  3882 | D        | Noticed Urug
  3886 | D        | Killed Urug
  4052 | D        | Reached skill level 25 in Spellcasting
  4184 | D        | Noticed an anaconda
  4188 | D        | Killed an anaconda
  4222 | D        | Offered knowledge of Lehudib's Crystal Spear by Vehumet.
  4232 | D        | Learned a level 8 spell: Lehudib's Crystal Spear
  4292 | D        | Noticed an anaconda
  4295 | D        | Killed an anaconda
  4354 | D        | Noticed an anaconda
  4360 | D        | Killed an anaconda
  4438 | D        | Noticed a nagaraja
  4440 | D        | Offered knowledge of Shatter by Vehumet.
  4440 | D        | Offered knowledge of Chain Lightning by Vehumet.
  4440 | D        | Offered knowledge of Absolute Zero by Vehumet.
  4440 | D        | Noticed a naga warrior
  4444 | D        | Killed a nagaraja
  4444 | D        | Reached skill level 26 in Spellcasting
  4445 | D        | Killed a naga warrior
  4533 | D        | Found Wiguza's Antique Weapon Shop.
  4533 | D        | Found Wegas's Gadget Shoppe.
  4535 | D        | Found Kazehov's Magic Scroll Boutique.
  4543 | D        | Bought a condenser vane (2/2) for 280 gold pieces
  4558 | D        | Learned a level 9 spell: Shatter
  4569 | D        | Got a serpentine rune of Zot
  4727 | D        | Noticed Rupert
  4731 | D        | Killed Rupert
  4731 | D        | Reached XP level 13. HP: 71/71 MP: 14/45
  4845 | D        | Reached skill level 27 in Spellcasting
  4859 | D        | Noticed an azure jelly
  4859 | D        | Noticed an azure jelly
  5032 | D        | Noticed a kraken
  5233 | D        | Killed a kraken
  5443 | D        | Slain by a snapping turtle

Illustrated notes

Levels and vault maps discovered:
D:        dungeon_sprint_mu [sprint_mu_entry_forest, sprint_mu_temple_rooms,
          sprint_mu_d1_spiders, sprint_mu_d2_genie, sprint_mu_d3_branching,
          sprint_mu_orc_legion, sprint_mu_elf_gauntlet, sprint_mu_hive_nellie,
          sprint_mu_lair_fedhas, sprint_mu_vaults_butterflies,
          sprint_mu_slime_circle, sprint_mu_shoals_kraken,
          sprint_mu_snake_twists, sprint_mu_blade_basic,
          sprint_mu_crypt_chambers, sprint_mu_tomb_spiral,
          sprint_mu_vestibule_basic, sprint_mu_gehenna_hellfire,
          sprint_mu_dis_giant, sprint_mu_tartarus_statrot,
          sprint_mu_cocytus_islands, sprint_mu_zot1]

Skill      XL: |  1  2  3  4  5  6  7  8  9 10 11 12 13 |
---------------+----------------------------------------+-----
Earth Magic    | 5 7 8 10 12 13 15 16 18 20 22 24 | 24.6
Dodging        | 3 4 5 6 7 |  7.5
Stealth        | 3 4 5 6 7 |  7.8
Spellcasting   | 4 6 7 9 12 13 17 19 21 24 26 27 | 27.0
Conjurations   | 2 5 6 8 |  8.3
Fighting       | 1 |  1.0
Transmutations | 2 |  2.5
Evocations     | 1 |  1.4
Throwing       | |  0.2
Unarmed Combat | |  0.4

Action                   |  1- 3 |  4- 6 |  7- 9 | 10-12 | 13-15 || total
-------------------------+-------+-------+-------+-------+-------++-------
Melee: Unarmed           |       |       |     1 |     3 |       ||     4
       Kick              |       |       |     1 |       |       ||     1
Throw: Throwing net      |       |       |       |     1 |       ||     1
 Cast: Sandblast         |    12 |     3 |       |     3 |       ||    18
       Stone Arrow       |       |     1 |    11 |     4 |       ||    16
       Lee's Rapid Decon |       |     5 |    27 |    99 |    22 ||   153
       Petrify           |       |       |     1 |     3 |     1 ||     5
       Iron Shot         |       |       |       |     9 |       ||     9
       Lehudib's Crystal |       |       |       |     4 |    11 ||    15
Evoke: Wand              |       |       |       |     2 |       ||     2
  Use: Potion            |       |     3 |       |     2 |       ||     5
       Scroll            |       |       |       |     1 |       ||     1
 Stab: Sleeping          |       |       |     1 |       |       ||     1
Armor: Robe              |       |       |       |     4 |     2 ||     6
Dodge: Dodged            |       |       |     1 |    26 |     7 ||    34

Table legend: (Time is in decaauts)
 A = Elapsed time spent in this place.
 B = Non-inter-level travel time spent in this place.
 C = Inter-level travel time spent in this place.
 D = Time resting spent in this place.
 E = Time spent auto-exploring this place.
 F = Levels seen in this place.
 G = Mean time per level.
                   A        B        C        D        E       F      G
               +--------+--------+--------+--------+--------+-----+--------+
         Total |   5466 |   5466 |      0 |   3885 |      9 |   1 | 5466.0 |
       Dungeon |   5466 |   5466 |      0 |   3885 |      9 |   1 | 5466.0 |
               +--------+--------+--------+--------+--------+-----+--------+

Top non-repeatable levels by time:
       D: 5466 daAuts
